 Dungeon Crawl Stone Soup version 0.17-a0-1583-g2df49ec (webtiles) character file.

331875 carl the Spry (level 20, -3/107 HPs)
             Began as a Spriggan Enchanter on July 26, 2015.
             Was the Champion of Kikubaaqudgha.
             Slain by a spriggan rider
             ... wielding a +0 spear
             ... led by a spriggan defender
              (27 damage)
             ... on level 1 of the Depths on July 28, 2015.
             The game lasted 05:10:15 (73389 turns).

carl the Spry (Spriggan Enchanter)                 Turns: 73389, Time: 05:10:15

Health: -3/107     AC: 19    Str: 10    XL:     20   Next: 88%
Magic:  20/37      EV: 41    Int: 29    God:    Kikubaaqudgha [******]
Gold:   4785       SH: 12    Dex: 23    Spells: 7 memorised, 20 levels left

rFire  . . .     SeeInvis +     i - +2 dagger (pain)
rCold  . . .     Clarity  +     f - +4 robe of Augmentation {Str+4 Int+4 Dex+4}
rNeg   + . .     SustAt   .     K - +3 buckler {AC+3}
rPois  +         Gourm    .     S - +1 hat
rElec  .         Spirit   .     X - +2 cloak {rPois}
rCorr  .         Warding  +     (gloves unavailable)
rMut   .         Stasis   .     (boots unavailable)
MR     ++++.                    Z - amulet "Fakois" {Ward rN+ MR+ Dex+2}
Stlth  +++++++++.               A - +4 ring of protection
                                N - ring of stealth

@: regenerating, drained, very quick, incredibly resistant to hostile
enchantments, incredibly stealthy
A: unfitting armour, repulsion field 1, thin metallic scales 1, see invisible,
clarity, herbivore 3, speed 3, slow metabolism 2, spit poison 1, strong 1,
evolution 1
a: Spit Poison, Receive Corpses, Torment, Renounce Religion
}: 2/15 runes: decaying, gossamer


You were on level 1 of the Depths.
You worshipped Kikubaaqudgha.
Kikubaaqudgha was exalted by your worship.
You were full.

You visited 9 branches of the dungeon, and saw 44 of its levels.

You collected 6067 gold pieces.
You spent 1282 gold pieces at shops.

Inventory:

Hand weapons
 a - a +6 dagger of venom
 b - a +0 blowgun
 c - a +1 rapier of electrocution
 i - a +2 dagger of pain (weapon)
 z - the +3 quick blade of Severance {drain, *Drain rPois rF+}
   (You acquired it on level 1 of the Vaults)

   A truly terrible weapon, it drains the life of those it strikes.
   It protects you from fire.
   It protects you from poison.
   It causes draining when unequipped.
Missiles
 g - 7 needles of sleeping
 G - 5 throwing nets (quivered)
 O - 14 curare-tipped needles
 U - 81 poisoned needles
Armour
 f - the +4 robe of Augmentation (worn) {Str+4 Int+4 Dex+4}
   (You found it on level 8 of the Lair of Beasts)

   It affects your strength (+4).
   It affects your intelligence (+4).
   It affects your dexterity (+4).
 K - a +3 buckler of protection (worn)
 S - a +1 hat (worn)
 X - a +2 cloak of poison resistance (worn)
Jewellery
 h - an uncursed amulet of stasis
 k - an uncursed ring of protection from fire
 p - an uncursed ring of magical power
 A - a +4 ring of protection (right hand)
 D - an uncursed ring of protection from cold
 F - an uncursed ring of positive energy
 J - an uncursed ring of sustain attributes
 N - a ring of stealth (left hand)
 Z - the amulet "Fakois" (around neck) {Ward rN+ MR+ Dex+2}
   (You took it off a vampire mage on level 1 of the Depths)

   [amulet of warding]

   It may prevent the melee attacks of summoned creatures.
   It affects your dexterity (+2).
   It protects you from negative energy.
   It affects your resistance to hostile enchantments.
Magical devices
 B - a wand of hasting (5)
 V - a wand of digging (10)
Scrolls
 l - 10 scrolls of fog
 n - 4 scrolls of teleportation
 s - 6 scrolls of magic mapping
 y - 29 scrolls of identify
 C - 8 scrolls of remove curse
 H - 6 scrolls of fear
 Y - 3 scrolls of torment
Potions
 e - 2 potions of might
 m - 17 potions of curing
 u - 4 potions of haste
 w - 5 potions of cure mutation
 x - 5 potions of flight
 L - 3 potions of resistance
 Q - 4 potions of invisibility
Books
 d - a book of Necromancy

   Spells                             Type                      Level
   a - Pain                           Necromancy                   1
   b - Animate Skeleton               Necromancy                   1
   c - Vampiric Draining              Necromancy                   3
   d - Regeneration                   Charms/Necromancy            3
   e - Animate Dead                   Necromancy                   4
   f - Control Undead                 Necromancy                   4
 o - the Disquisition on Calling
   (You found it on level 1 of the Depths)

   Spells                             Type                      Level
   a - Summon Small Mammal            Summoning                    1
   b - Recall                         Summoning/Translocation      3
   c - Summon Ice Beast               Ice/Summoning                4
   d - Shadow Creatures               Summoning                    5
   e - Summon Hydra                   Summoning                    7
   f - Dragon's Call                  Summoning                    9
 q - Etucist's Volume of the Escort
   (You found it on level 1 of the Depths)

   Spells                             Type                      Level
   a - Summon Butterflies             Summoning                    1
   b - Recall                         Summoning/Translocation      3
   c - Call Canine Familiar           Summoning                    3
   d - Summon Lightning Spire         Summoning/Air                4
   e - Aura of Abjuration             Summoning                    5
   f - Shadow Creatures               Summoning                    5
 r - a book of Battle

   Spells                             Type                      Level
   a - Infusion                       Charms                       1
   b - Shroud of Golubria             Charms/Translocation         2
   c - Song of Slaying                Charms                       2
   d - Spectral Weapon                Hexes/Charms                 3
   e - Regeneration                   Charms/Necromancy            3
Comestibles
 P - 15 bread rations


   Skills:
 - Level 12.0(11.8) Fighting
 - Level 10.0(9.7) Short Blades
 - Level 20.1(19.9) Dodging
 - Level 19.6(19.3) Stealth
 - Level 9.0(8.8) Shields
 - Level 12.0(11.7) Spellcasting
 - Level 5.0(4.8) Conjurations
 - Level 10.0(9.7) Hexes
 + Level 19.3(19.1) Necromancy
 - Level 5.0(4.8) Ice Magic


You had 20 spell levels left.
You knew the following spells:

 Your Spells              Type           Power        Failure   Level  Hunger
a - Dazzling Spray        Conj/Hex       ######..     1%          3    None
b - Ensorcelled Hibernat  Hex/Ice        ######       1%          2    None
c - Confuse               Hex            ######..     1%          3    None
d - Tukima's Dance        Hex            ######..     1%          3    None
e - Animate Dead          Necr           N/A          0%          4    None
f - Dispel Undead         Necr           #######.     1%          5    ##.....
g - Regeneration          Chrm/Necr      ######....   1%          3    None


Dungeon Overview and Level Annotations

Branches:
Dungeon (15/15)            Temple (1/1) D:7            Lair (8/8) D:10
  Swamp (4/4) Lair:3       Spider (4/4) Lair:4        Slime (0/6) Lair:6
    Orc (4/4) D:10            Elf (2/3) Orc:4        Vaults (4/5) D:14
  Crypt (0/3) Vaults:3     Depths (2/5) D:15

Altars:
Ashenzari
Cheibriados
Dithmenos
Elyvilon
Fedhas
Gozag
Kikubaaqudgha
Makhleb
Nemelex Xobeh
Okawaru
Qazlal
Ru
Sif Muna
Trog
Vehumet
Xom
Yredelemnul
Zin
The Shining One
Beogh

Shops:
D:9 ?   Orc:4 ?=*?   Elf:1 *   Vaults:3 }*[*}   Depths:2 [

Portals:
Hell: Depths:1
Abyss: Depths:1
Pandemonium: Depths:1

Annotations:
Vaults:2 Sojobo


Innate Abilities, Weirdness & Mutations

You are tiny and cannot use many weapons and most armour.
You have supernaturally acute eyesight.
You are a herbivore.
You cover ground extremely quickly.
You need consume almost no food.
You are surrounded by a mild repulsion field (EV +2).
You are partially covered in thin metallic scales (AC +2).
You possess an exceptional clarity of mind.
You can spit weak poison.
Your muscles are strong. (Str +2)
You evolve.


Message History

Okay, then.
Casting: Animate Dead
Confirm with . or Enter, or press ? or * to list all spells.
Okay, then.
Casting: Animate Dead
Confirm with . or Enter, or press ? or * to list all spells.
Your skin crawls.
The spriggan air mage waves its arms in wide circles.
Your stone giant zombie is struck by the twisting air!
Something hits your stone giant zombie but does no damage.
Your stone giant zombie misses something.
The spriggan air mage completely misses your stone giant zombie.
The spriggan rider hits your stone giant zombie but does no damage.
You swap places.
Your stone giant zombie barely misses the spriggan rider.
The spriggan air mage hits your stone giant zombie.
You swap places.
The spriggan rider hits you with a spear!!
You die...
Kikubaaqudgha rasps: "You have failed me!
Welcome... death!"

#
##..8i.#.....#.[8..######..
#
#.....#..)..#.....#......)
#
##.......8[......########.
# ########....[........##
#. # #.....###..8..>..8..##
#. # #.....# ##.........##
#. ###.....# ##...8...## #.
........# ###.ii..## #.
.....#######.###@### #.
.....'....('.##ZZZ## #.
.....#######)#..Z..# #.
.....# #)#8.>.8# #. .....#
#(#.....####### ## .....#
#(##.8)##.....# .....#
#.(#####......# .....#
#..)..........# .....#
###..).........∩#


You could see a spriggan rider, a spriggan air mage, a friendly sphinx zombie, a
friendly yaktaur zombie, a friendly stone giant zombie and a friendly human
zombie.

Vanquished Creatures
  A bone dragon (Vaults:3)
  Asterion (Vaults:1)
  3 sphinxes
  Kirke (Lair:7)
  A fire giant (Depths:1)
  Donald (Swamp:2)
  3 ghost moths (Spider:4)
  2 frost giants
  Maud (D:12)
  A ghost moth (shapeshifter) (Vaults:4)
  Aizul (Spider:1)
  Louise (Swamp:3)
  8 vault wardens
  3 deep elf sorcerers
  5 emperor scorpions
  14 ironheart preservers
  6 very ugly things (Depths:1)
  8 stone giants
  A deep elf demonologist (Elf:1)
  2 vampire knights (Depths:1)
  A deep elf annihilator (Elf:1)
  2 salamander stormcallers
  2 deep elf death magi
  Snorg (Lair:3)
  2 vault guards (Vaults:4)
  9 ettins
  Josephine (D:12)
  The ghost of amplicon the Fighter, a powerful MiFi of Qazlal (D:11)
  5 entropy weavers
  3 fire dragons
  6 yaktaur captains
  A deep elf high priest (Elf:1)
  3 great orbs of eyes
  Harold (Lair:1)
  9 hydras
  A catoblepas (Lair:8)
  4 ice dragons
  An alligator (shapeshifter) (Vaults:2)
  13 ogre magi
  A ghost crab (Swamp:4)
  The ghost of herpmino the Carver, a powerful DsGl of Ashenzari (D:11)
  9 centaur warriors
  3 death yaks
  5 alligators
  3 tengu warriors
  A dancing weapon (Elf:2)
  2 orc high priests (Depths:1)
  A deep troll earth mage (Vaults:4)
  A vampire mage (Depths:1)
  5 deep troll shamans
  15 deep elf knights
  5 skeletal warriors (Vaults:1)
  An iron troll (D:14)
  4 fire crabs
  3 swamp dragons
  2 unseen horrors
  4 giant orange brains
  2 spriggan druids
  22 deep trolls
  13 deep elf summoners
  6 hill giants
  12 ironbrand convokers
  A flayed ghost (Vaults:4)
  2 necromancers (Vaults:3)
  2 wolf spider zombies (D:15)
  4 orc sorcerers
  13 deep elf conjurers
  13 orc knights
  31 ugly things
  4 harpies (Vaults:3)
  20 orb spiders
  A manticore (D:13)
  8 griffons
  A hornet (shapeshifter) (D:14)
  18 wolf spiders
  A tengu skeleton (Vaults:3)
  8 cyclopes
  4 hornets
  8 elephants
  Joseph (D:14)
  A moth of wrath (Spider:4)
  13 vault sentinels
  2 torpor snails
  4 centaur skeletons
  9 black mambas
  14 spiny frogs
  3 kobold demonologists
  A small abomination (Elf:2)
  11 komodo dragons
  12 demonic crawlers
  16 deep elf priests
  A troll (shapeshifter) (Vaults:4)
  26 yaktaurs
  5 freezing wraiths
  31 jumping spiders
  11 fire drakes
  4 giant leeches
  9 trolls
  The ghost of Duffy the Cudgeler, an experienced VSFi of the Shining One (D:5)
  A tengu conjurer (D:15)
  A queen bee (D:13)
  A tengu simulacrum (Vaults:1)
  21 two-headed ogres
  A trapdoor spider zombie (D:13)
  22 slime creatures
  3 bog bodies
  A stone giant simulacrum (Vaults:1)
  11 boulder beetles
  16 blink frogs
  22 deep elf magi
  43 redbacks
  5 spriggans
  7 wraiths
  33 yaks
  17 trapdoor spiders
  2 wyverns
  6 hogs
  3 basilisks
  3 hungry ghosts
  13 tarantellas
  A human (D:10)
  26 vampire mosquitoes
  A shadow (Swamp:4)
  A soldier ant (D:10)
  6 hippogriffs
  A steam dragon (Swamp:4)
  4 insubstantial wisps (Swamp:4)
  10 wolves
  4 mottled dragons
  31 swamp worms
  3 ice beasts
  23 wargs
  20 deep elf fighters
  A yaktaur simulacrum (Vaults:1)
  3 swamp drakes
  15 water moccasins
  40 spiders
  An eye of draining (D:11)
  2 sky beasts
  4 phantoms
  An ettin simulacrum (Vaults:2)
  2 black bears (shapeshifter)
  2 black bears
  7 porcupines
  5 wasps
  5 boggarts
  4 necrophages (D:7)
  25 orc warriors
  62 ogres
  Blork the orc (D:4)
  A brain worm (D:13)
  9 centaurs
  9 crocodiles
  5 big kobolds
  A gnoll sergeant (D:9)
  24 giant frogs
  A wyvern skeleton (D:14)
  9 scorpions
  An orc simulacrum (Vaults:1)
  29 killer bees
  8 wights
  4 vampire bats (Lair:8)
  A lava snake (Swamp:4)
  10 electric eels
  7 crimson imps
  A quasit (D:6)
  A giant frog zombie (D:7)
  4 centaur zombies
  11 hounds
  2 gnoll shamans
  15 orc priests
  4 jellies
  Crazy Yiuf (D:7)
  A giant frog skeleton (D:12)
  32 orc wizards
  10 iguanas
  Natasha (thrice) (D:4)
  A boulder beetle simulacrum (Vaults:2)
  A killer bee zombie (D:7)
  16 worker ants
  18 sheep
  A hound skeleton (D:9)
  19 gnolls
  53 river rats
  18 adders
  A worker ant zombie (D:7)
  2 shadow imps
  An adder skeleton (D:5)
  5 worms
  166 orcs
  2 ball pythons
  28 bats
  5 giant cockroaches
  16 hobgoblins
  12 jackals
  30 kobolds
  A quokka (D:2)
  3 giant geckos
  3 giant newts
  26 goblins
  2 jackal skeletons
  13 rats
  A bush (D:7)
  A fungus (D:7)
  3 plants
1760 creatures vanquished.

Vanquished Creatures (collateral kills)
  Nikola (Swamp:4)
  The ghost of MordorOrchid the Slayer, a mighty OgBe of Trog (Swamp:4)
  A thorn hunter (Swamp:4)
  2 fire giants
  2 frost giants
  The ghost of karlkraus the Bludgeoner, a powerful MiFi of Qazlal (Swamp:3)
  An emperor scorpion (Spider:4)
  2 spriggan defenders (Depths:1)
  A very ugly thing (Depths:1)
  A stone giant (Depths:2)
  An ettin (Depths:1)
  A mummy priest (Depths:1)
  4 fire dragons
  An ogre mage (Depths:2)
  3 alligators
  13 hydras
  A vampire mage (Depths:1)
  4 death yaks (Lair:8)
  4 deep elf knights (Elf:2)
  4 hell knights (Depths:2)
  3 spriggan druids
  3 shambling mangroves
  2 necromancers (Depths:2)
  A deep elf summoner (Depths:1)
  A swamp dragon (Swamp:3)
  A lindwurm (Lair:8)
  2 hornets (Spider:4)
  A griffon (Vaults:1)
  A cyclops (Vaults:3)
  3 orb spiders (Spider:4)
  3 deep elf conjurers (Elf:2)
  5 ugly things (Depths:1)
  6 wolf spiders (Spider:4)
  A rust devil (Depths:1)
  An elephant (Lair:8)
  3 spiny frogs (Swamp:3)
  A yaktaur zombie (Vaults:3)
  2 kobold demonologists (Depths:1)
  A demonic crawler (Spider:4)
  3 yaktaurs
  A fire drake (Swamp:4)
  A deep elf priest (Vaults:1)
  A tengu conjurer (Depths:1)
  8 jumping spiders
  4 giant leeches
  3 slime creatures
  A two-headed ogre (Depths:1)
  4 bog bodies
  3 trapdoor spiders (Spider:4)
  5 spriggans
  3 redbacks
  4 tarantellas (Spider:4)
  7 vampire mosquitoes
  A deep elf fighter (Elf:2)
  3 swamp worms
  4 insubstantial wisps (Swamp:3)
  A mottled dragon (Swamp:4)
  4 swamp drakes
  A spider (Spider:4)
  A black bear (Lair:8)
  11 wasps
  An elf skeleton (Vaults:3)
  An electric eel (Spider:4)
  A plant (Lair:8)
167 creatures vanquished.

Vanquished Creatures (others)
  A deep elf high priest (Elf:1)
  A hydra (Swamp:4)
  2 dancing weapons (Elf:2)
  2 deep elf knights (Elf:1)
  A swamp dragon (Swamp:4)
  2 deep elf conjurers
  A jumping spider (Spider:4)
  3 deep elf magi
  A vampire mosquito (Vaults:3)
  A mottled dragon (Swamp:4)
  An ogre (Depths:1)
  A swamp drake (Swamp:4)
  A boggart (Depths:1)
  20 fungi
  17 plants
55 creatures vanquished.

Grand Total: 1982 creatures vanquished

Notes
Turn   | Place    | Note
--------------------------------------------------------------
     0 | D:1      | carl the Spriggan Enchanter began the quest for the Orb.
     0 | D:1      | Reached XP level 1. HP: 9/9 MP: 5/5
   453 | D:1      | Reached XP level 2. HP: 11/13 MP: 6/6
   492 | D:1      | Reached skill level 5 in Stealth
  1393 | D:2      | Reached XP level 3. HP: 16/16 MP: 8/8
  1859 | D:2      | Learned a level 2 spell: Ensorcelled Hibernation
  1931 | D:2      | Reached skill level 6 in Stealth
  2558 | D:2      | Reached XP level 4. HP: 21/21 MP: 9/9
  3815 | D:4      | Noticed Natasha
  3822 | D:4      | Killed Natasha
  3822 | D:4      | Reached XP level 5. HP: 13/24 MP: 1/10
  3947 | D:4      | Learned a level 3 spell: Confuse
  3983 | D:4      | Reached skill level 7 in Stealth
  4026 | D:4      | Noticed Blork the orc
  4032 | D:4      | Killed Blork the orc
  4032 | D:4      | Reached skill level 8 in Stealth
  4032 | D:4      | Reached XP level 6. HP: 26/28 MP: 8/11
  4037 | D:4      | Noticed Natasha
  4064 | D:4      | Killed Natasha
  4256 | D:4      | Reached skill level 5 in Short Blades
  4543 | D:4      | Reached skill level 9 in Stealth
  4546 | D:4      | Reached XP level 7. HP: 21/32 MP: 4/12
  4729 | D:4      | Noticed Natasha
  4735 | D:4      | Killed Natasha
  4940 | D:5      | Entered Level 5 of the Dungeon
  5096 | D:5      | Noticed Duffy's ghost (experienced VSFi)
  5195 | D:5      | Killed Duffy's ghost
  5195 | D:5      | Reached skill level 11 in Stealth
  5783 | D:5      | Reached XP level 8. HP: 21/36 MP: 11/16
  6009 | D:6      | Reached skill level 5 in Spellcasting
  6444 | D:5      | Found a glowing silver altar of Zin.
  7684 | D:7      | Reached skill level 5 in Hexes
  7777 | D:7      | Found a staircase to the Ecumenical Temple.
  7792 | Temple   | Entered the Ecumenical Temple
  7888 | D:7      | Reached XP level 9. HP: 39/39 MP: 22/22
  8358 | D:7      | Found a blossoming altar of Fedhas.
  8712 | D:7      | Reached skill level 1 in Ice Magic
  9093 | D:7      | Noticed Crazy Yiuf
  9099 | D:7      | Killed Crazy Yiuf
  9617 | D:8      | Reached skill level 5 in Ice Magic
  9642 | D:8      | Noticed an orc knight
  9650 | D:8      | Killed an orc knight
  9650 | D:8      | Reached skill level 5 in Dodging
  9650 | D:8      | Reached XP level 10. HP: 42/42 MP: 19/23
  9682 | D:8      | Noticed an orc sorcerer
  9797 | D:8      | Found an ancient bone altar of Kikubaaqudgha.
  9829 | D:8      | Became a worshipper of Kikubaaqudgha
 10291 | D:8      | Killed an orc sorcerer
 10547 | D:8      | Reached skill level 10 in Dodging
 10596 | D:8      | Noticed an orc knight
 10628 | D:8      | Killed an orc knight
 10628 | D:8      | Acquired Kikubaaqudgha's first power
 10628 | D:8      | Received a gift from Kikubaaqudgha
 10631 | D:8      | Identified Kikubaaqudgha's Tome of Darkness (Kikubaaqudgha gifted it to you on level 8 of the Dungeon)
 11312 | D:9      | Found Obawn's Magic Scroll Shop.
 11357 | D:9      | Reached skill level 12 in Dodging
 11539 | D:9      | Found a radiant altar of Vehumet.
 11543 | D:9      | Found a blossoming altar of Fedhas.
 11543 | D:9      | Found a white marble altar of Elyvilon.
 11554 | D:9      | Found a sparkling altar of Nemelex Xobeh.
 11562 | D:9      | Found a basalt altar of Yredelemnul.
 11591 | D:9      | Bought a scroll of identify for 22 gold pieces
 11591 | D:9      | Bought a scroll of teleportation for 33 gold pieces
 11614 | D:9      | Acquired Kikubaaqudgha's second power
 12103 | D:10     | Entered Level 10 of the Dungeon
 12359 | D:10     | Reached XP level 11. HP: 45/45 MP: 19/24
 12374 | D:10     | Reached skill level 1 in Shields
 12810 | D:10     | Received a gift from Kikubaaqudgha
 12813 | D:10     | Identified Kikubaaqudgha's Compendium of Evil (Kikubaaqudgha gifted it to you on level 10 of the Dungeon)
 12834 | D:10     | Found a staircase to the Orcish Mines.
 13185 | D:10     | Found a staircase to the Lair.
 13531 | Lair:1   | Entered Level 1 of the Lair of Beasts
 13545 | Lair:1   | Noticed Harold
 13552 | Lair:1   | Killed Harold
 14421 | Lair:2   | Reached skill level 5 in Shields
 14478 | Lair:2   | Reached skill level 1 in Fighting
 14822 | Lair:2   | Acquired Kikubaaqudgha's third power
 15009 | Lair:2   | Reached skill level 5 in Fighting
 15203 | Lair:2   | Identified the Collected Works on the Oath
 15396 | Lair:2   | Reached XP level 12. HP: 45/58 MP: 17/25
 15501 | Lair:2   | Learned a level 3 spell: Dazzling Spray
 15616 | Lair:2   | Reached skill level 1 in Necromancy
 16363 | Lair:3   | Noticed Snorg
 16370 | Lair:3   | Killed Snorg
 16530 | Lair:3   | Reached skill level 5 in Necromancy
 16656 | Lair:3   | Found a staircase to the Swamp.
 17199 | Lair:3   | Reached skill level 13 in Dodging
 17516 | Lair:4   | Found a hole to the Spider Nest.
 17572 | Lair:4   | Noticed a seven-headed hydra
 17583 | Lair:4   | Killed a seven-headed hydra
 17819 | Lair:4   | Noticed a four-headed hydra
 17849 | Lair:4   | Killed a four-headed hydra
 17849 | Lair:4   | Reached skill level 14 in Dodging
 18167 | Orc:1    | Entered Level 1 of the Orcish Mines
 18187 | Orc:1    | Found a burning altar of Makhleb.
 18753 | D:11     | Noticed herpmino's ghost (powerful DsGl)
 18785 | D:11     | Killed herpmino's ghost
 19298 | D:11     | Noticed amplicon's ghost (powerful MiFi)
 19337 | D:11     | Killed amplicon's ghost
 19450 | D:11     | Reached XP level 13. HP: 63/63 MP: 23/26
 19704 | D:12     | Noticed Maud
 19751 | D:12     | Killed Maud
 19751 | D:12     | Reached skill level 15 in Stealth
 19886 | D:12     | Reached skill level 15 in Dodging
 20274 | D:12     | Acquired Kikubaaqudgha's fourth power
 20720 | D:12     | Noticed Josephine
 20898 | D:12     | Killed Josephine
 22345 | D:13     | Got a fine robe
 22356 | D:13     | Identified the +2 robe "Ponah" {-Cast rPois Slay+3 Stlth-} (You found it on level 13 of the Dungeon)
 23121 | D:14     | Noticed Joseph
 23133 | D:14     | Killed Joseph
 23748 | D:14     | Found a gate to the Vaults.
 23907 | D:14     | Reached XP level 14. HP: 68/68 MP: 18/27
 24323 | D:14     | Gained mutation: You evolve. [potion of beneficial mutation]
 24406 | D:15     | Entered Level 15 of the Dungeon
 25532 | D:10     | Learned a level 3 spell: Tukima's Dance
 25537 | D:10     | Learned a level 4 spell: Animate Dead
 26372 | Lair:5   | Noticed Kirke
 26597 | Lair:5   | Reached skill level 10 in Necromancy
 27525 | Lair:6   | Found a staircase to the Slime Pits.
 28644 | Lair:7   | Killed Kirke
 28922 | Lair:7   | Reached skill level 10 in Spellcasting
 29441 | Lair:8   | Entered Level 8 of the Lair of Beasts
 29587 | Lair:8   | Found a labyrinth entrance.
 29806 | Lair:8   | Reached skill level 10 in Hexes
 29812 | Lair:8   | Reached XP level 15. HP: 69/71 MP: 24/30
 30083 | Lair:8   | Gained mutation: You are partially covered in thin metallic scales (AC +2). [evolution]
 31414 | Lair:8   | Identified Mizonihu's Tome of Darkness
 31745 | D:10     | Learned a level 5 spell: Dispel Undead
 32244 | Orc:3    | Found a roughly hewn altar of Beogh.
 34004 | Orc:4    | Entered Level 4 of the Orcish Mines
 34125 | Orc:4    | Found Nefufu's Assorted Antiques.
 34449 | Orc:4    | Found a staircase to the Elven Halls.
 34559 | Orc:4    | Reached skill level 10 in Short Blades
 35008 | Orc:4    | Found Vumar's Magic Scroll Shoppe.
 35029 | Orc:4    | Found Ryjan's Magic Scroll Shop.
 35030 | Orc:4    | Found Gas Xef's Jewellery Shop.
 35062 | Orc:4    | Bought a cursed amulet of inaccuracy for 36 gold pieces
 35068 | Orc:4    | Bought a scroll of identify for 28 gold pieces
 35068 | Orc:4    | Bought a scroll of identify for 28 gold pieces
 35068 | Orc:4    | Bought a scroll of identify for 28 gold pieces
 35080 | Orc:4    | Bought a scroll labeled WAWAUNKAVUG for 38 gold pieces
 35537 | Orc:4    | Bought a potion of curing for 114 gold pieces
 35537 | Orc:4    | Bought a scroll of enchant weapon for 285 gold pieces
 35542 | Orc:4    | Bought a scroll of identify for 28 gold pieces
 35542 | Orc:4    | Bought a scroll of magic mapping for 49 gold pieces
 35549 | Orc:4    | Bought a scroll of remove curse for 42 gold pieces
 35607 | Elf:1    | Entered Level 1 of the Elven Halls
 35888 | Elf:1    | Found Gyahocusy's Assorted Antiques.
 36234 | Elf:1    | Gained mutation: You are weak. (Str -2) [evolution]
 37586 | Elf:1    | Noticed a Hell Sentinel
 38035 | Elf:1    | Noticed a Shadow Fiend
 38361 | Elf:1    | Reached skill level 10 in Fighting
 38555 | Elf:1    | Reached XP level 16. HP: 53/85 MP: 15/31
 39036 | D:15     | Found a staircase to the Depths.
 39973 | Swamp:1  | Entered Level 1 of the Swamp
 41203 | Swamp:2  | Noticed Donald
 41246 | Swamp:2  | Killed Donald
 41246 | Swamp:2  | Reached skill level 1 in Conjurations
 41538 | Swamp:2  | HP: 1/85 [alligator (20)]
 41942 | Swamp:2  | You fall through a shaft!
 42291 | Swamp:3  | Noticed Louise
 42322 | Swamp:3  | Killed Louise
 43004 | Swamp:3  | Noticed karlkraus's ghost (powerful MiFi)
 43037 | Swamp:3  | Gained mutation: You can spit weak poison. [evolution]
 43040 | Swamp:3  | Killed karlkraus's ghost
 43304 | Swamp:3  | Reached skill level 5 in Conjurations
 43382 | Swamp:4  | Entered Level 4 of the Swamp
 44376 | Swamp:4  | Noticed MordorOrchid's ghost (mighty OgBe)
 44384 | Swamp:3  | Upgraded the game from 0.17-a0-1575-g9a29ec8 to 0.17-a0-1582-ge6b0260
 45287 | Spider:1 | Entered Level 1 of the Spider Nest
 45539 | Spider:1 | Noticed Aizul
 45587 | Spider:1 | Killed Aizul
 46824 | Spider:2 | Reached XP level 17. HP: 84/89 MP: 9/34
 48724 | Spider:3 | Gained mutation: You possess an exceptional clarity of mind. [evolution]
 49345 | Spider:4 | Entered Level 4 of the Spider Nest
 50710 | Spider:4 | Reached skill level 15 in Necromancy
 51927 | Spider:4 | Got a gossamer rune of Zot
 52550 | Swamp:4  | Reached skill level 16 in Necromancy
 52724 | Swamp:4  | Got a decaying rune of Zot
 53098 | Swamp:3  | Gained mutation: You are surrounded by a mild repulsion field (EV +2). [evolution]
 53351 | Swamp:4  | Noticed Nikola
 53366 | Swamp:4  | Killed Nikola
 53452 | Swamp:4  | Reached XP level 18. HP: 93/93 MP: 32/35
 53649 | Swamp:4  | Killed MordorOrchid's ghost
 54268 | Vaults:1 | Entered Level 1 of the Vaults
 54292 | Vaults:1 | Reached skill level 17 in Stealth
 56160 | Vaults:1 | HP: 1/93 [deep elf sorcerer/blast of hellfire[an ironheart preserver] (33)]
 56915 | Vaults:1 | Identified a scroll of acquirement
 56918 | Vaults:1 | Got a bloodstained quick blade
 56919 | Vaults:1 | Identified the +3 quick blade of Severance {drain, *Drain rPois rF+} (You acquired it on level 1 of the Vaults)
 57164 | Vaults:1 | Noticed Asterion
 57167 | Vaults:1 | Killed Asterion
 58500 | Vaults:2 | Noticed Sojobo
 58748 | Vaults:2 | Reached skill level 18 in Necromancy
 60054 | Vaults:3 | Found Ahifragg's Antique Armour Emporium.
 60131 | Vaults:3 | Reached XP level 19. HP: 33/98 MP: 7/36
 60426 | Vaults:3 | Found Sipees's Gadget Emporium.
 60646 | Vaults:3 | Noticed a bone dragon
 60689 | Vaults:3 | Killed a bone dragon
 61006 | Vaults:3 | Lost mutation: You are weak. (Str -2) [evolution]
 61385 | Vaults:3 | Found Ekaskagg's Assorted Antiques.
 61496 | Vaults:3 | Bought a shiny buckler for 148 gold pieces
 61496 | Vaults:3 | Bought an embroidered hat for 132 gold pieces
 61496 | Vaults:3 | Bought a scroll of remove curse for 99 gold pieces
 61512 | Vaults:3 | Found Jenwis's General Store.
 61520 | Vaults:3 | Bought a scroll of identify for 32 gold pieces
 61520 | Vaults:3 | Bought a scroll of teleportation for 48 gold pieces
 61697 | Vaults:3 | Found a staircase to the Crypt.
 61916 | Vaults:3 | Found Hinul's Gadget Shop.
 63687 | Vaults:4 | Reached skill level 19 in Dodging
 65202 | Vaults:4 | Reached skill level 20 in Dodging
 65634 | Vaults:4 | Reached XP level 20. HP: 88/102 MP: 25/37
 67397 | Elf:2    | Found a huge runed gate.
 67399 | Elf:2    | Found a huge runed gate.
 67402 | Elf:2    | Found a huge runed gate.
 68590 | Depths:1 | Entered Level 1 of the Depths
 68590 | Depths:1 | Found a one-way gate leading to the halls of Pandemonium.
 69221 | Depths:1 | Found a one-way gate to the infinite horrors of the Abyss.
 69350 | Depths:1 | Found a deep blue altar of Sif Muna.
 69369 | Depths:1 | Gained mutation: Your muscles are strong. (Str +2) [evolution]
 70366 | Depths:1 | Got a bound iron amulet
 70368 | Depths:1 | Identified the amulet "Fakois" {Ward rN+ MR+ Dex+2} (You took it off a vampire mage on level 1 of the Depths)
 71261 | Depths:1 | Identified the Disquisition on Calling
 71266 | Depths:1 | Identified Etucist's Volume of the Escort
 72058 | Depths:1 | Found a gateway to Hell.
 72173 | Depths:2 | Learned a level 3 spell: Regeneration
 72279 | Depths:2 | Found Zilik's Antique Armour Boutique.
 72292 | Depths:2 | Bought an embroidered hat for 92 gold pieces
 72608 | Depths:1 | Upgraded the game from 0.17-a0-1582-ge6b0260 to 0.17-a0-1583-g2df49ec
 73378 | Depths:1 | HP: 1/107 [spriggan air mage/the air[a spriggan defender] (25)]
 73389 | Depths:1 | Slain by a spriggan rider

Vault maps used:
D:1:      mrwooster_arrival_statue_3
D:2:      kennysheep_generic_room_15
D:4:      old_forge, uniq_natasha, uniq_blork_the_orc
D:5:      nicolae_overflow_hidden_temple, first_bread, guppyfry_early_lair_pool
D:6:      feat_on_display
D:7:      minmay_temple_entry_junction, fedhas_altar_decomposition,
          uniq_crazy_yiuf_cottage
D:8:      lemuel_castle_with_subvaults, lemuel_round_altar
D:9:      minmay_overflow_temple_star_hex, serial_shops, shop_fountains,
          serial_gnoll_camp, gnoll_camp_mini_house, gnoll_camp_mini_doghouse,
          gnoll_camp_mini_sergeant
D:10:     lair_0_dummy, orc_david_3, grunt_livestock
D:12:     uniq_maud, uniq_josephine
D:13:     special_room, minmay_fountain_box
D:14:     david_vaults_4, minmay_misc_feat_cross, minmay_sticks_and_stones
D:15:     hangedman_depths_entry_civil_slaughter, hangedman_decor_lopped
Temple:   circular_temple_12
Lair:1:   grunt_megastairs_1, uniq_harold
Lair:2:   minivault_24, grunt_megastairs_4, serial_bayou_shore_b,
          wad_woods_river_01, lemuel_fruit_tree
Lair:3:   swamp_mist_pool, small_statue_intersection, uniq_snorg
Lair:4:   nicolae_spider_entry_orb_guardian, grunt_megastairs_2
Lair:5:   minmay_stone_trees_medium, worms_lemuel, uniq_kirke
Lair:6:   minmay_slime_entry_pillars, minmay_lair_drake_nest
Lair:7:   grunt_forest_large_clearing_hut
Lair:8:   grunt_lair_end_beastmaster, lab_entry_generic, ldierk_geyser,
          roderic_batcave
Swamp:1:  infiniplex_staircase_pool_2, swamp_pool1
Swamp:2:  serial_swamp_ruin, evilmike_swamp_ruin_house_1,
          evilmike_swamp_ruin_house_6, evilmike_swamp_ruin_rubble_2, uniq_donald
Swamp:3:  hangedman_swamp_ruin_wall, swamp_pool3, uniq_louise
Swamp:4:  swamp_fiery, uniq_nikola
Spider:1: nicolae_spider_mines_3, uniq_aizul
Spider:3: hangedman_stitches_earthworm
Spider:4: spider_rune_water
Orc:1:    bloody_makhleb
Orc:3:    basic_altar, nicolae_orc_pool_cavern
Orc:4:    st_orc_open
Elf:1:    minmay_elf_arrival_summoners, serial_shops, shop_statue, orc_legates
Elf:2:    grunt_megastairs_5, uniq_azrael
Vaults:1: vaults_mumra_hexcomb, nicolae_vaults_puzzle_piece,
          vaults_room_hallway, serial_ice_m, hangedman_vaults_unwind,
          hangedman_vaults_stitches, serial_ice_g, vaults_room_ringed_pool,
          nicolae_vaults_circle_grid_a, ontoclasm_vaults_spin,
          ontoclasm_vaults_misaligned, ontoclasm_vaults_loading_screen,
          vaults_dpeg_encased_lava, uniq_asterion
Vaults:2: v_misc_10, nicolae_vaults_c_with_doors, v_misc_19,
          grunt_vaults_funnel, nicolae_vaults_theta, vaults_room_semicircle,
          vaults_mumra_chevron, hangedman_vaults_pinch,
          nicolae_vaults_yaktaur_gun_rack, uniq_sojobo
Vaults:3: vaults_mumra_minichess_inversion,
          vaults_standard_mumra_enter_the_diamond, grunt_vaults_diagonal,
          vaults_standard_mumra_x, v_misc_5, minmay_crypt_entry_nasty_monster,
          vaults_dpeg_spiral, hangedman_vaults_stagger, v_misc_30, serial_shops,
          nicolae_shop_crystal, nicolae_shop_waterfront, nicolae_shop_trees,
          nicolae_shop_overgrown_old_shop, nicolae_shop_waterfront
Vaults:4: nicolae_vaults_disjoint_gnomons, v_misc_13, ontoclasm_vaults_ligature,
          v_alt_pattern_1, nicolae_vaults_rhombus_7,
          nicolae_vaults_puzzle_piece, ontoclasm_vaults_fault,
          hangedman_vaults_river_flow, nicolae_vaults_display_case,
          nicolae_vaults_stairing_the_circle, ontoclasm_vaults_ring_small,
          v_pattern_5, nicolae_vaults_hallways_thing, hangedman_vaults_maws,
          nicolae_vaults_little_squares_6, vaults_dpeg_diagonal
Depths:1: pan_entry, grunt_hell_entry_dis_grunt, abyss_entry, st_stairs_3,
          hangedman_summoners_spam, serial_bayou_shore_b, serial_bayou_shore_b,
          grunt_megastairs_3
Depths:2: lemuel_traditional_vault, serial_bayou_pond_b, grunt_mini_vestibule,
          serial_shops, nicolae_shop_statue_plus, kennysheep_small_square,
          infiniplex_staircase_split_hallway

Action                   |  1- 3 |  4- 6 |  7- 9 | 10-12 | 13-15 | 16-18 | 19-21 || total
-------------------------+-------+-------+-------+-------+-------+-------+-------++-------
Melee: Dagger            |   114 |   154 |   381 |   752 |  1380 |   292 |   839 ||  3912
       Rapier            |       |       |     9 |    37 |   607 |  1169 |   211 ||  2033
       Quick blade       |       |       |       |       |       |   121 |       ||   121
 Fire: Blowgun           |       |       |       |       |     3 |       |       ||     3
 Cast: Ensorcelled Hiber |     5 |    20 |    50 |   121 |   267 |   477 |   312 ||  1252
       Confuse           |       |       |    21 |    43 |   100 |    82 |    52 ||   298
       Dazzling Spray    |       |       |       |       |    92 |    64 |       ||   156
       Animate Dead      |       |       |       |       |    17 |    75 |    19 ||   111
       Dispel Undead     |       |       |       |       |       |    15 |    11 ||    26
       Tukima's Dance    |       |       |       |       |       |       |    18 ||    18
       Regeneration      |       |       |       |       |       |       |     1 ||     1
Invok: Receive Corpses   |       |       |       |       |     3 |    49 |    14 ||    66
  Use: Scroll            |       |       |     9 |    16 |    11 |    15 |     4 ||    55
       Potion            |       |       |       |       |     7 |     6 |     6 ||    19
 Stab: Sleeping          |    14 |    24 |    57 |   119 |   225 |   305 |   149 ||   893
       Distracted        |     1 |     1 |     5 |     8 |    20 |    22 |    17 ||    74
       Confused          |       |       |    13 |    30 |    49 |    64 |    32 ||   188
       Invisible         |       |       |       |       |    20 |     9 |       ||    29
       Held in net/web   |       |       |       |       |       |     1 |       ||     1
  Eat: Bread ration      |       |     1 |       |       |       |     2 |     3 ||     6
       Fruit             |       |       |     3 |     7 |    14 |    13 |       ||    37
       Royal jelly       |       |       |       |     1 |       |       |       ||     1
       Pizza             |       |       |       |       |     5 |     6 |       ||    11
